 Dungeon Crawl Stone Soup version 0.31.0-9-g3a7656b989 (webtiles) character file.

Game seed: 6221630674062475176

3484 Marvel the Cleaver (level 10, -6/91 HPs)
             Began as a Hill Orc Berserker on Feb 6, 2024.
             Was an Elder of Trog.
             Killed from afar by a steam dragon (13 damage)
             ... with a ball of steam
             ... on level 7 of the Dungeon.
             The game lasted 00:10:41 (6462 turns).

Marvel the Cleaver (Hill Orc Berserker)             Turns: 6462, Time: 00:10:41

Health: -6/91      AC: 10    Str: 25    XL:     10   Next: 7%
Magic:  10/10      EV:  9    Int:  7    God:    Trog [****..]
Gold:   308        SH:  5    Dex: 10    Spells: 9/9 levels left

rFire   . . .        t - +2 war axe (elec)
rCold   . . .        (no shield)
rNeg    . . .        p - +0 chain mail
rPois   .            (no helmet)
rElec   .            (no cloak)
rCorr   .            (no gloves)
SInv    .            (no boots)
Will    ++...        j - amulet of reflection Stlth
                     (no ring)
HPRegen 1.35/turn    (no ring)
MPRegen 0.12/turn

%: reflection
@: strong-willed, on berserk cooldown, regenerating, slowed, very slow
A: no striking features
a: Renounce Religion, Berserk, Trog's Hand, Brothers in Arms


You were on level 7 of the Dungeon.
You worshipped Trog.
Trog was greatly pleased with you.
You visited 1 branch of the dungeon, and saw 7 of its levels.
You also visited: Sewer.

You collected 308 gold pieces.

Inventory:

Hand Weapons
 a - a +0 hand axe
 t - a +2 war axe of electrocution (weapon)
Missiles
 w - 2 curare-tipped darts
 z - 2 boomerangs (quivered)
Armour
 b - a +0 animal skin
 p - a +0 chain mail (worn)
Jewellery
 j - an amulet of reflection (around neck)
 n - a ring of ice
 x - a ring of fire
 C - an amulet of the acrobat
Talismans
 g - a flux talisman
Wands
 B - a wand of polymorph (4)
Scrolls
 c - 3 scrolls of teleportation {unknown}
 i - 3 scrolls of noise {unknown}
 k - a scroll of vulnerability
 l - 2 scrolls of fog
 m - 10 scrolls of identify
 y - a scroll of torment {unknown}
 A - 3 scrolls of enchant weapon
Potions
 d - 2 potions of attraction {unknown}
 e - a potion of ambrosia {unknown}
 f - a potion of invisibility {unknown}
 h - 3 potions of might {unknown}
 o - 2 potions of curing
 q - a potion of magic {unknown}
 r - a potion of cancellation {unknown}
 s - 2 potions of mutation {unknown}
 u - a potion of heal wounds
 v - a potion of lignification {unknown}


   Skills:
 + Level 9.1 Fighting
 + Level 13.7 Axes
 + Level 0.2 Throwing
 + Level 7.0 Armour
 - Level 1.5 Dodging
 - Level 2.2 Shields


You had 9 spell levels left.
You didn't know any spells.
Your spell library was empty.

Dungeon Overview and Level Annotations

Branches:
Dungeon (7/15)             Temple (0/1) D:6           Sewer (visited)

Altars:
Dithmenos
Elyvilon
The Shining One

Shops:
D:1 *[**!   D:7 (

Annotations:
D:7 Joseph


Message History

You feel sick.
The water moccasin completely misses you.
Your Fighting skill increases to level 9!
You have reached level 10!
You feel stronger.
You slice the water moccasin!!
You kill the water moccasin!
Trog accepts your kill.
You feel sick.
Your Armour skill increases to level 7!
You feel sick.
You feel a strong urge to attack something.
You feel sick.
You are too berserk!
You feel sick.
You feel your anger nearly subside.
You are no longer berserk.
You are exhausted.
You feel yourself slow down.
You feel sick.
You feel sick.
You now have 308 gold pieces (gained 4).
You feel sick.
Joseph, a Mercenary comes into view.
He is wielding a +3 quarterstaff.
You feel better.
Joseph shouts!
Joseph unwields a +3 quarterstaff.
Joseph wields a +0 sling.
Joseph shoots a sling bullet.
You block the sling bullet with an invisible shield... and reflect it back!
The sling bullet hits Joseph!!
Joseph shoots a sling bullet.
The sling bullet hits you!
* * * LOW HITPOINT WARNING * * *
Okay, then.
Your skin crawls.
You feel strong-willed.
Joseph shoots a sling bullet.
The sling bullet hits you.
* * * LOW HITPOINT WARNING * * *
Okay, then.
Okay, then.
The steam dragon breathes steam at you. The ball of steam hits you!
You die...

.....[.....#.#.........##.##.....
.....#..####..##).....######...
..##..##..##........#...........
..##................#.∩.........
.............##..............#...
.....###.............#...##..#...
......#..##..........#...........
#........##..........#...........
#.....##..##.(.§@..............<.
#.....#.).....D....#............:
.... #..#†........#.............
>...D...#........###.##...##....
........##...................###
.......@..#......#.........###
...#......#......#...........#
.....#......................##
.....##...........##.#...####


You could see Joseph and a steam dragon (catching breath).

Vanquished Creatures
  Pikel (D:7)
  Maggie (D:7)
  A hornet (D:7)
  A steam dragon (D:6)
  3 water moccasins
  2 ice beasts
  2 sky beasts
  3 ogres (D:5)
  A centaur (D:6)
  4 lemures (D:7)
  3 kobold brigands
  A phantom (D:5)
  2 scorpions (D:6)
  4 bullfrogs
  2 bombardier beetles (D:6)
  3 hounds
  A gnoll bouda (D:6)
  6 iguanas
  2 orc wizards
  2 sleepcaps (D:5)
  7 adders
  12 gnolls
  A river rat (D:3)
  2 shadow imps (D:5)
  A white imp (D:6)
  3 ufetubi
  3 ribbon worms
  4 dart slugs
  16 orcs
  6 bats
  8 endoplasms
  7 giant cockroaches
  5 goblins
  5 hobgoblins
  23 kobolds
  7 quokkas
  6 ball pythons
  5 frilled lizards
  5 rats
171 creatures vanquished.

Notes
Turn   | Place    | Note
-------+----------+-------------------------------------------
     0 | D:1      | Marvel the Hill Orc Berserker began the quest for the Orb.
     0 | D:1      | Reached XP level 1. HP: 19/19 MP: 1/1
   160 | D:1      | Reached XP level 2. HP: 23/27 MP: 2/2
   316 | D:1      | Found Hoeblosch's General Store.
   344 | D:1      | Found Lauzyasu's Assorted Antiques.
   395 | D:1      | Found Zianesor's Distillery.
   444 | D:1      | Found Vetheasch's Assorted Antiques.
   541 | D:1      | Found Xaikhy's Antique Armour Emporium.
   752 | D:1      | Reached XP level 3. HP: 32/33 MP: 3/3
   914 | D:1      | Reached ** piety under Trog
   915 | D:1      | Reached skill level 5 in Axes
   979 | D:2      | Identified the +6 short sword of the Lame Duck {pain,
                  | ^Fragile rElec rC- Str+8}
  1501 | D:2      | Found a faded altar of an unknown god.
  1535 | D:2      | Reached XP level 4. HP: 27/41 MP: 4/4
  2030 | D:3      | Reached skill level 6 in Axes
  2237 | D:3      | Reached XP level 5. HP: 11/47 MP: 5/5
  2237 | D:3      | Found a glowing drain.
  2243 | Sewer    | Entered a sewer
  2459 | Sewer    | Noticed a kobold brigand
  2463 | Sewer    | Reached *** piety under Trog
  2473 | Sewer    | Killed a kobold brigand
  2474 | Sewer    | Reached skill level 5 in Fighting
  2474 | Sewer    | Reached skill level 7 in Axes
  2474 | Sewer    | Reached skill level 1 in Shields
  2644 | Sewer    | Noticed a kobold brigand
  2661 | Sewer    | Killed a kobold brigand
  2662 | Sewer    | Reached XP level 6. HP: 36/56 MP: 6/6
  3977 | D:5      | Entered Level 5 of the Dungeon
  3981 | D:5      | Noticed an ice beast
  3997 | D:5      | Killed an ice beast
  3998 | D:5      | Reached skill level 8 in Axes
  3998 | D:5      | Reached XP level 7. HP: 49/63 MP: 7/7
  4407 | D:5      | Reached skill level 9 in Axes
  4835 | D:5      | Reached skill level 10 in Axes
  4835 | D:5      | Reached XP level 8. HP: 41/71 MP: 8/8
  5207 | D:5      | Found a glowing golden altar of the Shining One.
  5366 | D:6      | Reached skill level 11 in Axes
  5486 | D:6      | Reached **** piety under Trog
  5641 | D:6      | Reached skill level 5 in Armour
  5641 | D:6      | Reached XP level 9. HP: 34/79 MP: 9/9
  5895 | D:6      | Found a shadowy altar of Dithmenos.
  5945 | D:6      | Reached skill level 12 in Axes
  6040 | D:6      | Found a staircase to the Ecumenical Temple.
  6174 | D:6      | Found a white marble altar of Elyvilon.
  6293 | D:7      | Found Exojoihyt's Weapon Emporium.
  6303 | D:7      | Noticed Maggie
  6306 | D:7      | Noticed a hornet
  6315 | D:7      | Killed a hornet
  6319 | D:7      | Killed Maggie
  6320 | D:7      | Reached skill level 13 in Axes
  6430 | D:7      | Noticed Pikel
  6451 | D:7      | Killed Pikel
  6452 | D:7      | Reached XP level 10. HP: 24/91 MP: 10/10
  6458 | D:7      | Noticed Joseph
  6462 | D:7      | Killed from afar by a steam dragon

Illustrated notes

Levels and vault maps discovered:
D:1:      dpeg_arrival_round_a, layout_loops_ring, serial_shops, shop,
          nicolae_shop_statue_plus, shop, nicolae_shop_tiny_statue_garden, shop,
          serial_park_tiny_pond, minmay_misc_feat_more_columns,
          amcnicky_mini_pool_small
D:2:      layout_basic, shapermc_ecumenical_altar_venn
D:3:      layout_rooms, gup_sewer_entry_bubbles
D:4:      layout_gridville
D:5:      minmay_diamond_boxcup, layout_basic, nicolae_overflow_crystal_walls
D:6:      layout_gridville, lemuel_coloured_pillars_altar, pf_just_have_faith,
          minmay_temple_entry_waves
D:7:      kennysheep_housing_project, layout_cave_pools,
          nicolae_ossuary_entry_giza, serial_shops, shop, shop,
          grunt_ministairs_4, kennysheep_generic_room_12, uniq_jeremiah,
          uniq_pikel, uniq_maggie, uniq_joseph

Skill      XL: |  1  2  3  4  5  6  7  8  9 10 |
---------------+-------------------------------+-----
Fighting       | 4 5 6 7 9 |  9.1
Axes           | 5 6 7 8 10 11 13 | 13.7
Shields        | 1 2 |  2.2
Armour         | 5 6 7 |  7.0
Throwing       | |  0.2
Dodging        | |  1.5

Action                     |  1- 3 |  4- 6 |  7- 9 | 10-12 || total
---------------------------+-------+-------+-------+-------++-------
  Melee: Hand axe          |   109 |   207 |       |       ||   316
         Punch             |       |     3 |     3 |       ||     6
         War axe           |       |    11 |   196 |     1 ||   208
  Throw: Dart              |       |     1 |       |       ||     1
 Invoke: Berserk           |       |     3 |     6 |       ||     9
         Trog's Hand       |       |       |       |     1 ||     1
    Use: Scroll            |       |     4 |       |       ||     4
         Potion            |       |     1 |       |     1 ||     2
   Stab: Sleeping          |     1 |     1 |       |       ||     2
 Armour: Animal skin       |    72 |    98 |    11 |       ||   181
         Chain mail        |       |       |   145 |     3 ||   148
  Dodge: Dodged            |    68 |   104 |    74 |       ||   246
  Block: Other             |       |    39 |    45 |     1 ||    85
         Reflection        |       |       |     1 |     1 ||     2
